 Dungeon Crawl Stone Soup version 0.30-a0-174-gbc10bd73c2 (webtiles) character file.

Game seed: 10199382533303893903

104629 qw the Severer (level 16, -4/104 HPs)
             Began as a Gargoyle Fighter on Oct 1, 2022.
             Was an Elder of Okawaru.
             Killed by divine providence
             ... invoked by Saint Roka
              (9 damage)
             ... on level 2 of the Orcish Mines.
             The game lasted 00:11:40 (23054 turns).

qw the Severer (Gargoyle Fighter)                  Turns: 23054, Time: 00:11:40

Health: -4/104     AC: 41    Str: 31    XL:     16   Next: 39%
Magic:  1/7        EV: 11    Int: 11    God:    Okawaru [****..]
Gold:   1611       SH: 22    Dex: 12    Spells: 15/15 levels left

rFire   + . .      SeeInvis +    o - +3 broad axe (antimagic)
rCold   . . .      Faith    .    w - +3 kite shield "Qagguz" {*Slow rPois Str+5}
rNeg    + . .      Spirit   .    n - +0 plate armour
rPois   inf        Reflect  +    k - +2 helmet
rElec   +          Harm     .    q - +1 cloak
rCorr   .          Rampage  .    c - +2 pair of gloves {Dex+3}
Will    +....                    x - +0 pair of boots
Stlth   ..........               v - amulet of reflection
HPRegen 0.37/turn                j - ring of protection from fire
MPRegen 0.10/turn                f - ring of see invisible

@: heroic, finesse-ful, flying
A: sickness immunity, AC +12, big wings, negative energy resistance 1,
electricity resistance, torment resistance 1, petrification resistance,
screaming 1
a: Renounce Religion, Heroism, Finesse


You were on level 2 of the Orcish Mines.
You worshipped Okawaru.
Okawaru was greatly pleased with you.
You visited 4 branches of the dungeon, and saw 23 of its levels.
You also visited: Sewer.

You collected 2001 gold pieces.
You spent 390 gold pieces at shops.


Innate Abilities, Weirdness & Mutations

You are immune to sickness and miasma.
Your stone body is resilient. (AC +12)
You are immune to poison.
Your large and strong wings let you fly.
You resist negative energy. (rN+)
You are resistant to electric shocks. (rElec)
You are resistant to unholy torment.
You are immune to petrification.
You occasionally shout uncontrollably at your foes.


   Skills:
 - Level 13.0(18.0) Fighting
 - Level 17.0(22.0) Axes
 - Level 5.0(10.0) Throwing
 + Level 12.2(17.2) Armour
 - Level 4.1(9.1) Dodging
 - Level 13.0(18.0) Shields
 - Level 10.1 Invocations


You had 15 spell levels left.
You didn't know any spells.
Your spell library was empty.

Inventory:

Hand Weapons
 o - a +3 antimagic broad axe (weapon)
 Y - a +1 war axe of flaming
Missiles
 a - 14 boomerangs
 z - a javelin (quivered)
Armour
 c - a +2 pair of gloves of dexterity (worn)
 k - a +2 helmet (worn)
 n - a +0 plate armour (worn)
 p - +0 acid dragon scales
 q - a +1 cloak (worn)
 w - the +3 kite shield "Qagguz" (worn) {*Slow rPois Str+5}
   (Okawaru gifted it to you on level 5 of the Lair of Beasts)

   Str:       It affects your strength (+5).
   rPois:     It protects you from poison.
   *Slow:     It may slow you when you take damage.
 x - a +0 pair of boots (worn)
Jewellery
 b - the ring of Foubugg {Wiz Int+3}
   (You found it on level 2 of the Orcish Mines)

   [ring of wizardry]

   It improves your spell success rate.
   Int:       It affects your intelligence (+3).
 e - a ring of positive energy
 f - a ring of see invisible (right hand)
 j - a ring of protection from fire (left hand)
 u - a ring of see invisible
 v - an amulet of reflection (around neck)
 y - a ring of protection from cold
Wands
 r - a wand of digging (3)
Scrolls
 h - 12 scrolls of identify
Potions
 d - 13 potions of might
 g - 5 potions of lignification
 i - 6 potions of haste
 l - 10 potions of curing
 m - 3 potions of cancellation
 s - 4 potions of attraction
 t - 2 potions of mutation
 A - a potion of resistance

Dungeon Overview and Level Annotations

Branches:
Dungeon (15/15)            Temple (1/1) D:5            Lair (5/5) D:9
 Shoals (0/4) Lair:3       Spider (0/4) Lair:2        Slime (0/5) Lair:5
    Orc (2/2) D:11            Elf (0/3) Orc:2        Vaults (0/5) D:13
 Depths (0/4) D:15          Sewer (visited)

Altars:
Ashenzari
Cheibriados
Dithmenos
Elyvilon
Fedhas
Gozag
Hepliaklqana
Kikubaaqudgha
Makhleb
Nemelex Xobeh
Okawaru
Qazlal
Ru
Sif Muna
Trog
Uskayaw
Vehumet
Wu Jian
Xom
Yredelemnul
Zin
The Shining One
Jiyva

Shops:
D:1 :   D:6 *   D:10 (

Annotations:
Orc:2 Saint Roka


Message History

Okawaru accepts your kill.
You slash the orc wizard!
You kill the orc wizard!
Okawaru accepts your kill.
An orc warrior comes into view. It is wielding a +0 mace.
The orc warrior shouts!
An orc warrior comes into view. It is wielding a +0 mace.
An orc priest comes into view. It is wielding a +0 mace.
Things that are here:
a +0 dagger; a +0 robe; a javelin You barely miss Saint Roka.
The orc priest shouts!
You slice Saint Roka!!
Saint Roka is lightly wounded.
An ogre comes into view. It is wielding a +0 giant club.
Saint Roka roars a battlecry!
The orcs go into a battle-frenzy!
You slash Saint Roka!
Saint Roka is moderately wounded.
You slice Saint Roka!!
Saint Roka is heavily wounded.
The orc warrior barely misses you.
An orc comes into view. It is wielding a +0 trident.
The orc shouts!
You cut Saint Roka into ribbons!!!
Saint Roka is severely wounded.
You hear a shout! x7
You hit Saint Roka but do no damage.
Saint Roka is severely wounded.
You hit Saint Roka.
Saint Roka is severely wounded.
You feel like a meek peon again. You block the orc warrior's attack.
Saint Roka hits you with a +1 vampiric war axe!
23054 ||| INVOKING Heroism.
You gain the combat prowess of a mighty hero.
The orc warrior hits you but does no damage.
Saint Roka invokes the aid of Beogh against you.
Beogh smites you!
You die...

#.#####+###.#
.....##...# .......#....
#o.... ...#####....#.##)
#.....##..##..#....#.#..
#......#...#..'......#..
#.........#(.#.####.###
.##........####.#..#....
.8...8...8)####.)..#....
ooO.oo.@..))...)#..#..}.
.8...8.o.8)####.####....
.##........####....)....
#.........#..####.#####
#......#...#..'....#.).#
#.....##..##..#....#)..#
#..... ...#####....##'##
.....##...##............
#.#####'###)#


You could see Saint Roka, 3 orc warriors, an ogre, an orc priest (strong) and an
orc.

Vanquished Creatures
  Jorgrun (D:12)
  Kirke (Lair:3)
  Snorg (D:13)
  An entropy weaver (shapeshifter) (D:14)
  Josephine (Lair:5)
  A rakshasa (D:14)
  2 catoblepae (Lair:5)
  An ogre mage (D:15)
  8 hydras
  A merfolk avatar (Lair:5)
  8 centaur warriors
  A tengu warrior (D:15)
  4 boulder beetles
  Urug (Lair:4)
  9 two-headed ogres
  10 death yaks
  Nergalle (D:12)
  3 skeletal warriors (D:13)
  Lodul (D:11)
  A sea snake (Lair:4)
  2 deep trolls (D:15)
  An orc knight (D:11)
  2 deep elf pyromancers
  An ugly thing (D:10)
  A lindwurm (Lair:5)
  2 oklob plants (Lair:5)
  A harpy (Lair:5)
  A mana viper (shapeshifter) (D:13)
  2 necromancers (D:15)
  2 orc sorcerers (Orc:2)
  4 manticores
  Maurice (D:11)
  7 cyclopes
  20 elephants
  3 merfolk sirens (Lair:3)
  A torpor snail (Lair:1)
  3 unseen horrors
  3 black mambas
  12 cane toads
  A kobold demonologist (D:10)
  Psyche (D:12)
  A freezing wraith (D:13)
  5 rime drakes
  3 unseen horror zombies (D:9)
  2 tengu conjurers (D:10)
  7 komodo dragons
  8 trolls
  A merfolk (Lair:3)
  A meliai (Lair:2)
  3 wind drakes (Lair:5)
  3 polar bears
  2 hornets (Lair:5)
  12 blink frogs
  8 slime creatures
  3 snapping turtles (Lair:5)
  6 dream sheep (Lair:5)
  2 shadows
  3 hogs (Lair:3)
  5 wraiths
  A spriggan (Lair:3)
  A vampire (D:11)
  7 wyverns
  3 steam dragons
  61 yaks
  8 basilisks
  A warg (Orc:2)
  7 vampire mosquitoes (D:12)
  2 acid dragons
  7 water moccasins
  33 orc warriors
  6 black bears
  4 sky beasts
  18 ogres
  A black bear (shapeshifter) (D:13)
  9 boggarts
  40 wolves
  20 centaurs
  6 kobold brigands
  4 scorpions
  9 bullfrogs
  A wyvern zombie (D:9)
  22 wights
  3 vampire bats (D:13)
  11 killer bees
  An electric eel (D:11)
  7 howler monkeys
  3 centaur zombies (D:9)
  2 jellies
  4 hounds
  19 orc priests
  An iguana (D:6)
  10 orc wizards
  Terence (D:2)
  Robin (D:2)
  A howler monkey zombie (D:9)
  4 gnolls (D:5)
  8 adders
  2 white imps
  7 worms
  A dart slug (D:5)
  94 orcs
  6 endoplasms
  9 giant cockroaches
  10 goblins
  12 hobgoblins
  3 jackals (D:1)
  5 quokkas
  12 ball pythons
  16 bats
  3 frilled lizards
  22 kobolds
  7 rats
759 creatures vanquished.

Vanquished Creatures (others)
  An ettin (D:15)
  A wraith (Lair:5)
  An orc wizard (Orc:2)
  An orc (Orc:2)
  A bush (Lair:5)
  26 fungi
  79 plants
110 creatures vanquished.

Grand Total: 869 creatures vanquished

Notes
Turn   | Place    | Note
-------+----------+-------------------------------------------
     0 | D:1      | qw the Gargoyle Fighter began the quest for the Orb.
     0 | D:1      | Reached XP level 1. HP: 14/14 MP: 1/1
     0 | D:1      | 0 ||| qw: Version: 0.2-a-13-gfc7b4b4
     0 | D:1      | 0 ||| qw: Game counter: 1899
     0 | D:1      | 0 ||| qw: Always use a shield: true
     0 | D:1      | 0 ||| qw: God list: Okawaru
     0 | D:1      | 0 ||| qw: Allow faded altars: false
     0 | D:1      | 0 ||| qw: Do Orc after D:15 true
     0 | D:1      | 0 ||| qw: Do second Lair branch before Depths: true
     0 | D:1      | 0 ||| qw: Lair rune preference: random
     0 | D:1      | 0 ||| qw: Plans: Normal, Zot:1-4, God:TSO, Crypt, Tomb,
                  | Pan, Slime:5, Hells, Abyss, Orb
     0 | D:1      | 0 ||| PLANNING D:1-11
    16 | D:1      | Reached skill level 2 in Axes
    74 | D:1      | 74 ||| Stepping ~*~*~tactically~*~*~ (stealth).
    77 | D:1      | 77 ||| Stepping ~*~*~tactically~*~*~ (stealth).
    82 | D:1      | 82 ||| Stepping ~*~*~tactically~*~*~ (stealth).
    85 | D:1      | 85 ||| Stepping ~*~*~tactically~*~*~ (stealth).
    86 | D:1      | 86 ||| Stepping ~*~*~tactically~*~*~ (stealth).
   111 | D:1      | Reached XP level 2. HP: 19/19 MP: 2/2
   285 | D:1      | Found Ydebrir's Book Shoppe.
   345 | D:1      | 345 ||| Stepping ~*~*~tactically~*~*~ (stealth).
   346 | D:1      | 346 ||| Stepping ~*~*~tactically~*~*~ (stealth).
   347 | D:1      | 347 ||| Stepping ~*~*~tactically~*~*~ (stealth).
   605 | D:1      | Reached skill level 3 in Axes
   671 | D:1      | Reached XP level 3. HP: 23/23 MP: 3/3
   880 | D:1      | 880 ||| Stepping ~*~*~tactically~*~*~ (stealth).
   970 | D:1      | Found a faded altar of an unknown god.
   975 | D:1      | 975 ||| UPGRADING to ring of protection from fire.
   976 | D:1      | 976 ||| READING 3 scrolls labelled ILAXIX GILUTOY.
   977 | D:1      | 977 ||| READING scroll labelled XUTUYPHAUG.
   978 | D:1      | 978 ||| READING 2 scrolls labelled LUTHRU IMIYFIER.
   979 | D:1      | 979 ||| READING scroll labelled PUALUNIELI.
   980 | D:1      | 980 ||| DROPPING 2 scrolls of vulnerability.
  1027 | D:2      | 1027 ||| Stepping ~*~*~tactically~*~*~ (stealth).
  1161 | D:2      | Noticed Robin
  1167 | D:2      | Reached XP level 4. HP: 28/28 MP: 4/4
  1171 | D:2      | Killed Robin
  1172 | D:2      | Reached skill level 4 in Axes
  1199 | D:2      | Noticed Terence
  1206 | D:2      | Killed Terence
  1325 | D:2      | 1325 ||| Stepping ~*~*~tactically~*~*~ (stealth).
  1326 | D:2      | 1326 ||| Stepping ~*~*~tactically~*~*~ (stealth).
  1758 | D:2      | Reached XP level 5. HP: 29/32 MP: 5/5
  1877 | D:2      | Identified the +7 scale mail of the Echidna {Contam rPois
                  | MP+9 Int-2}
  2040 | D:2      | 2040 ||| UPGRADING to +0 chain mail.
  2050 | D:2      | 2050 ||| DROPPING +0 scale mail.
  2051 | D:2      | 2051 ||| UPGRADING to +0 helmet.
  2056 | D:2      | 2056 ||| UPGRADING to +7 scale mail of the Echidna {Contam
                  | rPois MP+9 Int-2}.
  2066 | D:2      | 2066 ||| DROPPING +0 chain mail.
  2067 | D:2      | 2067 ||| DROPPING orb of guile.
  2131 | D:2      | 2131 ||| UPGRADING to amulet of regeneration.
  2136 | D:2      | 2136 ||| UPGRADING to ring of see invisible.
  2137 | D:2      | 2137 ||| READING scroll labelled DUEDIO NUETWI.
  2138 | D:2      | 2138 ||| DROPPING +0 whip.
  2139 | D:2      | 2139 ||| READING scroll labelled SAITUE YFEP.
  2140 | D:2      | 2140 ||| READING 2 scrolls labelled ROILAO HAMEF.
  2143 | D:2      | 2143 ||| READING 3 scrolls labelled ZOKASTUFUMM.
  2144 | D:2      | 2144 ||| READING scroll labelled HAM XUFOFEDAHI.
  2145 | D:2      | 2145 ||| READING 2 scrolls of identify.
  2145 | D:2      | 2145 ||| IDENTIFYING inky potion
  2146 | D:2      | 2146 ||| DROPPING 2 scrolls of noise.
  2167 | D:3      | 2167 ||| STAIRDANCE
  2522 | D:3      | 2522 ||| UPGRADING to +0 pair of gloves.
  2527 | D:3      | 2527 ||| READING 3 scrolls of identify.
  2527 | D:3      | 2527 ||| IDENTIFYING orange potion
  2528 | D:3      | 2528 ||| READING 2 scrolls of identify.
  2528 | D:3      | 2528 ||| IDENTIFYING coppery potion
  2657 | D:4      | Noticed an ogre
  2664 | D:4      | Killed an ogre
  2665 | D:4      | Reached skill level 5 in Axes
  2665 | D:4      | Reached XP level 6. HP: 37/37 MP: 6/6
  2736 | D:4      | 2736 ||| Stepping ~*~*~tactically~*~*~ (stealth).
  2738 | D:4      | 2738 ||| Stepping ~*~*~tactically~*~*~ (stealth).
  2827 | D:4      | Reached skill level 1 in Throwing
  3206 | D:4      | 3206 ||| UPGRADING to +0 plate armour.
  3216 | D:4      | 3216 ||| DROPPING +7 scale mail of the Echidna {Contam
                  | rPois MP+9 Int-2}.
  3217 | D:4      | 3217 ||| READING scroll labelled NAUDOC QIFIST.
  3223 | D:4      | Gained mutation: You are vulnerable to cold. (rC-)
                  | [mutagenic glow]
  3258 | D:5      | Entered Level 5 of the Dungeon
  3259 | D:5      | 3259 ||| PLANNING SEWER
  3271 | D:5      | 3271 ||| Stepping ~*~*~tactically~*~*~ (stealth).
  3273 | D:5      | 3273 ||| Stepping ~*~*~tactically~*~*~ (stealth).
  3276 | D:5      | 3276 ||| Stepping ~*~*~tactically~*~*~ (stealth).
  3277 | D:5      | 3277 ||| Stepping ~*~*~tactically~*~*~ (stealth).
  3278 | D:5      | 3278 ||| Stepping ~*~*~tactically~*~*~ (stealth).
  3279 | D:5      | 3279 ||| Stepping ~*~*~tactically~*~*~ (stealth).
  3314 | D:5      | 3314 ||| READING scroll of enchant armour.
  3314 | D:5      | 3314 ||| ENCHANTING +0 pair of gloves.
  3363 | D:5      | Reached skill level 6 in Axes
  3363 | D:5      | Reached XP level 7. HP: 39/44 MP: 7/7
  3384 | D:5      | Found a glowing drain.
  3385 | D:5      | 3385 ||| UPGRADING to +1 cloak.
  3392 | D:5      | 3392 ||| FLEEEEING.
  3393 | D:5      | 3393 ||| FLEEEEING.
  3394 | D:5      | 3394 ||| FLEEEEING.
  3410 | D:5      | 3410 ||| FLEEEEING.
  3416 | D:5      | 3416 ||| FLEEEEING.
  3431 | D:5      | 3431 ||| FLEEEEING.
  3437 | D:5      | 3437 ||| FLEEEEING.
  3452 | D:5      | 3452 ||| FLEEEEING.
  3454 | D:5      | 3454 ||| FLEEEEING.
  3455 | D:5      | 3455 ||| FLEEEEING.
  3456 | D:5      | 3456 ||| FLEEEEING.
  3457 | D:5      | 3457 ||| FLEEEEING.
  3458 | D:5      | 3458 ||| FLEEEEING.
  3459 | D:5      | 3459 ||| FLEEEEING.
  3460 | D:5      | 3460 ||| FLEEEEING.
  3463 | D:5      | 3463 ||| STAIRDANCE
  3468 | D:5      | 3468 ||| FLEEEEING.
  3469 | D:5      | 3469 ||| STAIRDANCE
  3474 | D:5      | 3474 ||| FLEEEEING.
  3475 | D:5      | 3475 ||| STAIRDANCE
  3486 | D:5      | 3486 ||| STAIRDANCE
  3531 | D:5      | 3531 ||| FLEEEEING.
  3532 | D:5      | 3532 ||| FLEEEEING.
  3533 | D:5      | 3533 ||| FLEEEEING.
  3548 | D:5      | 3548 ||| FLEEEEING.
  3549 | D:5      | 3549 ||| FLEEEEING.
  3562 | D:5      | 3562 ||| FLEEEEING.
  3563 | D:5      | 3563 ||| FLEEEEING.
  3564 | D:5      | 3564 ||| FLEEEEING.
  3577 | D:5      | 3577 ||| FLEEEEING.
  3578 | D:5      | 3578 ||| FLEEEEING.
  3579 | D:5      | 3579 ||| FLEEEEING.
  3592 | D:5      | 3592 ||| FLEEEEING.
  3593 | D:5      | 3593 ||| FLEEEEING.
  3594 | D:5      | 3594 ||| FLEEEEING.
  3600 | D:5      | 3600 ||| STAIRDANCE
  3605 | D:5      | 3605 ||| FLEEEEING.
  3606 | D:5      | 3606 ||| STAIRDANCE
  3611 | D:5      | 3611 ||| FLEEEEING.
  3612 | D:5      | 3612 ||| STAIRDANCE
  3616 | D:5      | 3616 ||| STAIRDANCE
  3623 | D:5      | 3623 ||| STAIRDANCE
  3657 | D:5      | 3657 ||| FLEEEEING.
  3658 | D:5      | 3658 ||| FLEEEEING.
  3673 | D:5      | 3673 ||| FLEEEEING.
  3677 | D:5      | 3677 ||| FLEEEEING.
  3678 | D:5      | 3678 ||| FLEEEEING.
  3708 | D:5      | 3708 ||| FLEEEEING.
  3709 | D:5      | 3709 ||| FLEEEEING.
  3710 | D:5      | 3710 ||| FLEEEEING.
  3723 | D:5      | 3723 ||| FLEEEEING.
  3724 | D:5      | 3724 ||| FLEEEEING.
  3725 | D:5      | 3725 ||| FLEEEEING.
  3780 | Sewer    | Entered a sewer
  3924 | Sewer    | 3924 ||| Stepping ~*~*~tactically~*~*~ (water).
  3938 | Sewer    | 3938 ||| Stepping ~*~*~tactically~*~*~ (stealth).
  3949 | Sewer    | Reached skill level 7 in Axes
  4015 | Sewer    | Reached XP level 8. HP: 45/48 MP: 8/8
  4041 | Sewer    | 4041 ||| DRINKING 3 golden potions.
  4042 | Sewer    | 4042 ||| DRINKING 2 black potions.
  4043 | Sewer    | 4043 ||| DROPPING 2 potions of invisibility.
  4044 | Sewer    | 4044 ||| DROPPING potion of magic.
  4059 | D:5      | 4059 ||| PLANNING D:1-11
  4146 | D:5      | Found a staircase to the Ecumenical Temple.
  4147 | D:5      | 4147 ||| PLANNING TEMPLE
  4147 | D:5      | 4147 ||| READING scroll labelled HUBIK KUSEEROB.
  4147 | D:5      | Identified a scroll of acquirement
  4147 | D:5      | 4147 ||| ACQUIRING +3 Mad Mage's Maulers {Infuse+∞ RegenMP
                  | Int-3}
  4147 | D:5      | Acquired the +3 Mad Mage's Maulers {Infuse+∞ RegenMP Int-3}
  4147 | D:5      | Found the +3 Mad Mage's Maulers {Infuse+∞ RegenMP Int-3}
  4149 | D:5      | 4149 ||| UPGRADING to +3 Mad Mage's Maulers {Infuse+∞
                  | RegenMP Int-3}.
  4159 | D:5      | 4159 ||| DROPPING +1 pair of gloves.
  4164 | Temple   | Entered the Ecumenical Temple
  4191 | Temple   | 4191 ||| PLANNING OKAWARU WORSHIP
  4237 | Temple   | Became a worshipper of Warmaster Okawaru
  4238 | Temple   | 4238 ||| PLANNING D:1-11
  4238 | Temple   | 4238 ||| REMOVING +3 Mad Mage's Maulers {Infuse+∞ RegenMP
                  | Int-3}.
  4243 | Temple   | 4243 ||| DROPPING +3 Mad Mage's Maulers {Infuse+∞ RegenMP
                  | Int-3}.
  4296 | D:5      | 4296 ||| Stepping ~*~*~tactically~*~*~ (hiding).
  4444 | D:5      | Reached skill level 1 in Dodging
  4753 | D:5      | Reached * piety under Okawaru
  4803 | D:5      | 4803 ||| READING scroll labelled OSUDDI IXANAOR.
  4806 | D:6      | You fall into a shaft and drop 3 floors!
  4812 | D:9      | 4812 ||| FLEEEEING.
  4813 | D:9      | 4813 ||| FLEEEEING.
  4815 | D:9      | Noticed a yak
  4816 | D:9      | 4816 ||| STAIRDANCE
  4843 | D:8      | Reached skill level 1 in Invocations
  4919 | D:7      | Reached skill level 8 in Axes
  4919 | D:7      | Reached XP level 9. HP: 54/54 MP: 9/11
  4969 | D:7      | 4969 ||| READING scroll labelled OPADORU KOYZIU.
  4970 | D:7      | 4970 ||| READING scroll labelled MOGHEI VEOSUSH.
  5093 | D:7      | Reached skill level 3 in Invocations
  5106 | D:7      | Reached skill level 6 in Fighting
  5108 | D:6      | 5108 ||| INVOKING Heroism.
  5123 | D:6      | Reached ** piety under Okawaru
  5192 | D:6      | Found Dicsana's Assorted Antiques.
  5199 | D:6      | 5199 ||| Stepping ~*~*~tactically~*~*~ (hiding).
  5224 | D:6      | 5224 ||| Stepping ~*~*~tactically~*~*~ (stealth).
  5252 | D:6      | 5252 ||| INVOKING Heroism.
  5258 | D:6      | Reached skill level 9 in Axes
  5425 | D:6      | 5425 ||| Stepping ~*~*~tactically~*~*~ (stealth).
  5426 | D:6      | 5426 ||| Stepping ~*~*~tactically~*~*~ (stealth).
  5761 | D:7      | Reached skill level 6 in Armour
  6022 | D:7      | 6022 ||| Stepping ~*~*~tactically~*~*~ (stealth).
  6023 | D:7      | 6023 ||| Stepping ~*~*~tactically~*~*~ (stealth).
  6028 | D:7      | 6028 ||| INVOKING Heroism.
  6047 | D:7      | 6047 ||| SWAPPING to +0 war axe of electrocution.
  6268 | D:7      | 6268 ||| UPGRADING to +0 pair of gloves.
  6355 | D:6      | 6355 ||| BUYING 3 scrolls of identify (180 gold).
  6355 | D:6      | Bought 3 scrolls of identify for 180 gold pieces
  6355 | D:6      | 6355 ||| BUYING diamond ring (150 gold).
  6355 | D:6      | Bought a diamond ring for 150 gold pieces
  6355 | D:6      | 6355 ||| SHOPLISTING fire dragon scales (1800 gold, have
                  | 142).
  6355 | D:6      | 6355 ||| BUYING scroll of identify (60 gold).
  6355 | D:6      | Bought a scroll of identify for 60 gold pieces
  6355 | D:6      | 6355 ||| READING 5 scrolls of identify.
  6355 | D:6      | 6355 ||| IDENTIFYING green potion
  6356 | D:6      | 6356 ||| READING 4 scrolls of identify.
  6356 | D:6      | 6356 ||| IDENTIFYING fuming dark potion
  6357 | D:6      | 6357 ||| READING 3 scrolls of identify.
  6357 | D:6      | 6357 ||| IDENTIFYING pink potion
  6358 | D:6      | 6358 ||| READING 2 scrolls of identify.
  6358 | D:6      | 6358 ||| IDENTIFYING yellow potion
  6359 | D:6      | 6359 ||| DROPPING potion of ambrosia.
  6360 | D:6      | 6360 ||| DROPPING potion of berserk rage.
  6389 | D:8      | 6389 ||| Stepping ~*~*~tactically~*~*~ (stealth).
  6392 | D:8      | 6392 ||| Stepping ~*~*~tactically~*~*~ (stealth).
  6437 | D:8      | 6437 ||| INVOKING Heroism.
  6537 | D:8      | 6537 ||| Stepping ~*~*~tactically~*~*~ (stealth).
  6539 | D:8      | 6539 ||| Stepping ~*~*~tactically~*~*~ (hiding).
  6560 | D:8      | 6560 ||| INVOKING Heroism.
  6567 | D:8      | Reached XP level 10. HP: 44/63 MP: 10/13
  6613 | D:8      | Found a shimmering blue altar of Sif Muna.
  6700 | D:8      | 6700 ||| READING scroll of enchant armour.
  6700 | D:8      | 6700 ||| ENCHANTING +0 pair of gloves.
  6875 | D:8      | 6875 ||| READING scroll labelled UCHASIFIME.
  6876 | D:8      | 6876 ||| READING scroll labelled ULIL LAASAUH.
  6877 | D:8      | 6877 ||| READING 2 scrolls of identify.
  6877 | D:8      | 6877 ||| IDENTIFYING red potion
  6878 | D:8      | 6878 ||| DROPPING potion of brilliance.
  6910 | D:9      | Noticed an elephant
  6911 | D:9      | 6911 ||| STAIRDANCE
  6917 | D:8      | Reached *** piety under Okawaru
  6918 | D:8      | Reached skill level 10 in Axes
  6921 | D:9      | 6921 ||| Stepping ~*~*~tactically~*~*~ (hiding).
  6928 | D:9      | Killed an elephant
  6942 | D:9      | Found a staircase to the Lair.
  6984 | D:9      | 6984 ||| INVOKING Heroism.
  7022 | D:9      | 7022 ||| Stepping ~*~*~tactically~*~*~ (stealth).
  7045 | D:9      | Reached **** piety under Okawaru
  7068 | D:9      | Noticed a deep elf pyromancer
  7070 | D:9      | 7070 ||| Stepping ~*~*~tactically~*~*~ (hiding).
  7072 | D:9      | 7072 ||| Stepping ~*~*~tactically~*~*~ (hiding).
  7084 | D:9      | Killed a deep elf pyromancer
  7140 | D:9      | 7140 ||| READING scroll of enchant armour.
  7140 | D:9      | 7140 ||| ENCHANTING +1 pair of gloves.
  7157 | D:9      | 7157 ||| INVOKING Heroism.
  7181 | D:9      | Reached skill level 6 in Invocations
  7191 | D:9      | Reached XP level 11. HP: 49/68 MP: 15/15
  7226 | D:9      | 7226 ||| READING scroll of enchant armour.
  7226 | D:9      | 7226 ||| ENCHANTING +0 helmet.
  7389 | D:9      | Reached ***** piety under Okawaru
  7390 | D:9      | Reached skill level 11 in Axes
  7426 | D:9      | Received a gift from Okawaru
  7540 | D:9      | 7540 ||| INVOKING Heroism.
  7659 | D:9      | 7659 ||| PLANNING LAIR
  7659 | D:9      | 7659 ||| READING 4 scrolls of identify.
  7659 | D:9      | 7659 ||| IDENTIFYING silvery potion
  7660 | D:9      | 7660 ||| READING 3 scrolls of identify.
  7660 | D:9      | 7660 ||| IDENTIFYING blue potion
  7661 | D:9      | 7661 ||| DROPPING potion of flight.
  7662 | D:9      | 7662 ||| DROPPING potion of degeneration.
  7702 | Lair:1   | Entered Level 1 of the Lair of Beasts
  7709 | Lair:1   | 7709 ||| INVOKING Heroism.
  7731 | Lair:1   | HP: 15/68 [wolf (8)]
  7732 | Lair:1   | 7732 ||| READING 5 scrolls of teleportation.
  7733 | Lair:1   | 7733 ||| DRINKING 5 potions of heal wounds.
  7756 | Lair:1   | 7756 ||| INVOKING Heroism.
  7780 | Lair:1   | Reached skill level 9 in Fighting
  7842 | Lair:1   | Identified the +1 helmet of Kete {MP+9 Int+4}
  7857 | Lair:1   | 7857 ||| INVOKING Heroism.
  7870 | Lair:1   | Reached skill level 9 in Invocations
  7984 | Lair:1   | 7984 ||| INVOKING Heroism.
  8240 | Lair:1   | 8240 ||| UPGRADING to +0 kite shield.
  8250 | Lair:1   | 8250 ||| DROPPING +0 buckler.
  8251 | Lair:1   | 8251 ||| DROPPING +1 helmet of Kete {MP+9 Int+4}.
  8271 | Lair:2   | 8271 ||| INVOKING Heroism.
  8306 | Lair:2   | Found a hole to the Spider Nest.
  8316 | Lair:2   | Noticed a four-headed hydra
  8317 | Lair:2   | 8317 ||| INVOKING Finesse.
  8321 | Lair:2   | 8321 ||| SWAPPING to +1 war axe of flaming.
  8326 | Lair:2   | Killed a one-headed hydra
  8326 | Lair:2   | Received a gift from Okawaru
  8327 | Lair:2   | 8327 ||| SWAPPING to +0 war axe of electrocution.
  8386 | Lair:2   | Noticed a death yak
  8387 | Lair:2   | 8387 ||| INVOKING Heroism.
  8388 | Lair:2   | 8388 ||| INVOKING Finesse.
  8389 | Lair:2   | Noticed a death yak
  8390 | Lair:2   | 8390 ||| Stepping ~*~*~tactically~*~*~ (stealth).
  8393 | Lair:2   | Killed a death yak
  8394 | Lair:2   | Reached skill level 6 in Shields
  8394 | Lair:2   | Reached XP level 12. HP: 76/76 MP: 11/19
  8441 | Lair:2   | Noticed a death yak
  8442 | Lair:2   | 8442 ||| INVOKING Heroism.
  8443 | Lair:2   | 8443 ||| INVOKING Finesse.
  8445 | Lair:2   | Noticed a death yak
  8445 | Lair:2   | Noticed a death yak
  8453 | Lair:2   | Noticed a death yak
  8463 | Lair:2   | Killed a death yak
  8469 | Lair:2   | Killed a death yak
  8478 | Lair:2   | Killed a death yak
  8498 | Lair:2   | Killed a death yak
  8500 | Lair:2   | Killed a death yak
  8550 | Lair:2   | 8550 ||| INVOKING Heroism.
  8601 | Lair:2   | Reached skill level 9 in Shields
  8606 | Lair:2   | 8606 ||| INVOKING Heroism.
  8763 | Lair:2   | 8763 ||| READING scroll of brand weapon.
  8763 | Lair:2   | 8763 ||| BRANDING +0 war axe of electrocution.
  8764 | Lair:2   | 8764 ||| SWAPPING to +1 war axe of flaming.
  8765 | Lair:2   | 8765 ||| DROPPING +0 war axe of freezing.
  8777 | Lair:2   | 8777 ||| INVOKING Heroism.
  9249 | Lair:2   | 9249 ||| UPGRADING to +2 pair of gloves of dexterity.
  9259 | Lair:2   | 9259 ||| DROPPING +2 pair of gloves.
  9260 | Lair:2   | 9260 ||| UPGRADING to amulet of reflection.
  9270 | Lair:2   | 9270 ||| DROPPING amulet of regeneration.
  9365 | Lair:3   | 9365 ||| Stepping ~*~*~tactically~*~*~ (stealth).
  9366 | Lair:3   | 9366 ||| INVOKING Heroism.
  9367 | Lair:3   | 9367 ||| Stepping ~*~*~tactically~*~*~ (stealth).
  9381 | Lair:3   | 9381 ||| Stepping ~*~*~tactically~*~*~ (stealth).
  9532 | Lair:3   | 9532 ||| Stepping ~*~*~tactically~*~*~ (stealth).
  9534 | Lair:3   | 9534 ||| Stepping ~*~*~tactically~*~*~ (hiding).
  9537 | Lair:3   | 9537 ||| Stepping ~*~*~tactically~*~*~ (hiding).
  9547 | Lair:3   | Reached skill level 12 in Axes
  9601 | Lair:3   | 9601 ||| Stepping ~*~*~tactically~*~*~ (hiding).
  9607 | Lair:3   | 9607 ||| INVOKING Heroism.
  9658 | Lair:3   | Noticed a six-headed hydra
  9659 | Lair:3   | 9659 ||| INVOKING Heroism.
  9667 | Lair:3   | Killed a two-headed hydra
  9668 | Lair:3   | Reached skill level 9 in Armour
  9681 | Lair:3   | Found a staircase to the Shoals.
  9683 | Lair:3   | 9683 ||| INVOKING Heroism.
  9700 | Lair:3   | Reached XP level 13. HP: 80/80 MP: 20/20
  9724 | Lair:3   | 9724 ||| Stepping ~*~*~tactically~*~*~ (stealth).
  9725 | Lair:3   | 9725 ||| Stepping ~*~*~tactically~*~*~ (stealth).
  9726 | Lair:3   | 9726 ||| Stepping ~*~*~tactically~*~*~ (stealth).
  9727 | Lair:3   | 9727 ||| Stepping ~*~*~tactically~*~*~ (stealth).
  9730 | Lair:3   | Received a gift from Okawaru
  9731 | Lair:3   | 9731 ||| Stepping ~*~*~tactically~*~*~ (stealth).
  9734 | Lair:3   | 9734 ||| INVOKING Heroism.
  9777 | Lair:3   | Noticed Kirke
  9778 | Lair:3   | 9778 ||| INVOKING Finesse.
  9780 | Lair:3   | 9780 ||| Stepping ~*~*~tactically~*~*~ (stealth).
  9789 | Lair:3   | 9789 ||| INVOKING Heroism.
  9814 | Lair:3   | Noticed a sphinx
  9817 | Lair:3   | Killed Kirke
 10028 | Lair:3   | 10028 ||| INVOKING Heroism.
 10086 | Lair:3   | 10086 ||| INVOKING Heroism.
 10318 | Lair:3   | 10318 ||| INVOKING Heroism.
 10542 | Lair:3   | 10542 ||| READING 5 scrolls of identify.
 10542 | Lair:3   | 10542 ||| IDENTIFYING bubbling inky potion
 10543 | Lair:3   | 10543 ||| DRINKING potion of mutation.
 10543 | Lair:3   | Lost mutation: You are vulnerable to cold. (rC-) [potion of
                  | mutation]
 10543 | Lair:3   | Gained mutation: You occasionally shout uncontrollably at
                  | your foes. [potion of mutation]
 10629 | Lair:4   | 10629 ||| INVOKING Heroism.
 10681 | Lair:4   | 10681 ||| FLEEEEING.
 10682 | Lair:4   | 10682 ||| STAIRDANCE
 10731 | Lair:4   | 10731 ||| STAIRDANCE
 10790 | Lair:4   | 10790 ||| INVOKING Heroism.
 10796 | Lair:4   | Reached skill level 13 in Axes
 10810 | Lair:4   | 10810 ||| Stepping ~*~*~tactically~*~*~ (stealth).
 10820 | Lair:4   | 10820 ||| Stepping ~*~*~tactically~*~*~ (stealth).
 10823 | Lair:4   | 10823 ||| Stepping ~*~*~tactically~*~*~ (stealth).
 10857 | Lair:4   | 10857 ||| Stepping ~*~*~tactically~*~*~ (stealth).
 10860 | Lair:4   | 10860 ||| Stepping ~*~*~tactically~*~*~ (stealth).
 10861 | Lair:4   | 10861 ||| Stepping ~*~*~tactically~*~*~ (stealth).
 10863 | Lair:4   | 10863 ||| Stepping ~*~*~tactically~*~*~ (stealth).
 10869 | Lair:4   | 10869 ||| INVOKING Heroism.
 10897 | Lair:4   | 10897 ||| INVOKING Heroism.
 11059 | Lair:4   | 11059 ||| INVOKING Heroism.
 11060 | Lair:4   | 11060 ||| INVOKING Finesse.
 11079 | Lair:4   | 11079 ||| Stepping ~*~*~tactically~*~*~ (stealth).
 11080 | Lair:4   | 11080 ||| Stepping ~*~*~tactically~*~*~ (stealth).
 11087 | Lair:4   | 11087 ||| Stepping ~*~*~tactically~*~*~ (stealth).
 11088 | Lair:4   | 11088 ||| Stepping ~*~*~tactically~*~*~ (stealth).
 11089 | Lair:4   | 11089 ||| Stepping ~*~*~tactically~*~*~ (stealth).
 11113 | Lair:4   | 11113 ||| Stepping ~*~*~tactically~*~*~ (stealth).
 11114 | Lair:4   | 11114 ||| Stepping ~*~*~tactically~*~*~ (stealth).
 11115 | Lair:4   | 11115 ||| INVOKING Heroism.
 11121 | Lair:4   | 11121 ||| INVOKING Finesse.
 11155 | Lair:4   | 11155 ||| INVOKING Finesse.
 11438 | Lair:4   | 11438 ||| INVOKING Heroism.
 11620 | Lair:4   | 11620 ||| Stepping ~*~*~tactically~*~*~ (hiding).
 11825 | Lair:4   | 11825 ||| READING scroll labelled HOEGHE YKIM.
 11853 | Lair:5   | Entered Level 5 of the Lair of Beasts
 11853 | Lair:5   | Found a viscous altar of Jiyva.
 11853 | Lair:5   | Found a staircase to the Slime Pits.
 11854 | Lair:5   | 11854 ||| INVOKING Heroism.
 11854 | Lair:5   | Noticed Urug
 11855 | Lair:5   | 11855 ||| INVOKING Finesse.
 11856 | Lair:5   | 11856 ||| STAIRDANCE
 11901 | Lair:5   | 11901 ||| STAIRDANCE
 11903 | Lair:4   | 11903 ||| INVOKING Heroism.
 12037 | Lair:5   | 12037 ||| STAIRDANCE
 12039 | Lair:4   | 12039 ||| INVOKING Heroism.
 12040 | Lair:4   | 12040 ||| INVOKING Finesse.
 12064 | Lair:4   | Killed Urug
 12175 | Lair:5   | 12175 ||| STAIRDANCE
 12186 | Lair:5   | 12186 ||| STAIRDANCE
 12261 | Lair:5   | 12261 ||| INVOKING Heroism.
 12262 | Lair:5   | 12262 ||| INVOKING Finesse.
 12270 | Lair:5   | HP: 16/82 [oklob plant/splash of acid (6)]
 12271 | Lair:5   | 12271 ||| READING 6 scrolls of teleportation.
 12272 | Lair:5   | 12272 ||| DRINKING 5 potions of heal wounds.
 12382 | Lair:5   | 12382 ||| Stepping ~*~*~tactically~*~*~ (stealth).
 12384 | Lair:5   | 12384 ||| INVOKING Heroism.
 12391 | Lair:5   | Reached skill level 3 in Throwing
 12391 | Lair:5   | 12391 ||| Stepping ~*~*~tactically~*~*~ (stealth).
 12392 | Lair:5   | 12392 ||| Stepping ~*~*~tactically~*~*~ (stealth).
 12395 | Lair:5   | 12395 ||| Stepping ~*~*~tactically~*~*~ (stealth).
 12405 | Lair:5   | Identified the +3 kite shield "Qagguz" {*Slow rPois Str+5}
                  | (Okawaru gifted it to you on level 5 of the Lair of Beasts)
 12405 | Lair:5   | Received a gift from Okawaru
 12406 | Lair:5   | Gained mutation: Your large and strong wings let you fly.
                  | [Gargoyle growth]
 12406 | Lair:5   | Reached XP level 14. HP: 80/88 MP: 21/21
 12440 | Lair:5   | 12440 ||| Stepping ~*~*~tactically~*~*~ (stealth).
 12444 | Lair:5   | 12444 ||| INVOKING Heroism.
 12474 | Lair:5   | Reached skill level 14 in Axes
 12491 | Lair:5   | 12491 ||| INVOKING Finesse.
 12540 | Lair:5   | 12540 ||| INVOKING Heroism.
 12541 | Lair:5   | 12541 ||| INVOKING Finesse.
 12550 | Lair:5   | Reached skill level 3 in Dodging
 12550 | Lair:5   | 12550 ||| READING 5 scrolls of teleportation.
 12558 | Lair:5   | HP: 22/88 [oklob plant/splash of acid (12)]
 12559 | Lair:5   | 12559 ||| DRINKING 4 potions of heal wounds.
 12560 | Lair:5   | 12560 ||| Stepping ~*~*~tactically~*~*~ (hiding).
 12561 | Lair:5   | 12561 ||| DRINKING 3 potions of cancellation.
 12602 | Lair:5   | Noticed Josephine
 12604 | Lair:5   | 12604 ||| INVOKING Heroism.
 12608 | Lair:5   | 12608 ||| INVOKING Finesse.
 12608 | Lair:5   | HP: 19/88 [elephant (8)]
 12609 | Lair:5   | 12609 ||| READING 4 scrolls of teleportation.
 12610 | Lair:5   | 12610 ||| DRINKING 3 potions of heal wounds.
 12625 | Lair:5   | 12625 ||| Stepping ~*~*~tactically~*~*~ (stealth).
 12731 | Lair:5   | 12731 ||| Stepping ~*~*~tactically~*~*~ (stealth).
 12732 | Lair:5   | 12732 ||| Stepping ~*~*~tactically~*~*~ (stealth).
 12750 | Lair:5   | 12750 ||| Stepping ~*~*~tactically~*~*~ (stealth).
 12751 | Lair:5   | 12751 ||| Stepping ~*~*~tactically~*~*~ (stealth).
 12752 | Lair:5   | 12752 ||| Stepping ~*~*~tactically~*~*~ (stealth).
 12756 | Lair:5   | 12756 ||| Stepping ~*~*~tactically~*~*~ (hiding).
 12775 | Lair:5   | 12775 ||| INVOKING Heroism.
 12803 | Lair:5   | 12803 ||| Stepping ~*~*~tactically~*~*~ (stealth).
 12806 | Lair:5   | 12806 ||| Stepping ~*~*~tactically~*~*~ (stealth).
 12819 | Lair:5   | 12819 ||| INVOKING Heroism.
 12927 | Lair:5   | 12927 ||| Stepping ~*~*~tactically~*~*~ (hiding).
 12938 | Lair:5   | 12938 ||| INVOKING Heroism.
 12939 | Lair:5   | Killed Josephine
 13017 | Lair:5   | 13017 ||| Stepping ~*~*~tactically~*~*~ (stealth).
 13023 | Lair:5   | 13023 ||| Stepping ~*~*~tactically~*~*~ (stealth).
 13024 | Lair:5   | 13024 ||| FLEEEEING.
 13025 | Lair:5   | 13025 ||| FLEEEEING.
 13026 | Lair:5   | 13026 ||| FLEEEEING.
 13027 | Lair:5   | 13027 ||| FLEEEEING.
 13033 | Lair:5   | 13033 ||| FLEEEEING.
 13034 | Lair:5   | 13034 ||| FLEEEEING.
 13036 | Lair:5   | 13036 ||| FLEEEEING.
 13039 | Lair:5   | 13039 ||| FLEEEEING.
 13040 | Lair:5   | 13040 ||| FLEEEEING.
 13041 | Lair:5   | 13041 ||| Stepping ~*~*~tactically~*~*~ (hiding).
 13043 | Lair:5   | 13043 ||| Stepping ~*~*~tactically~*~*~ (hiding).
 13088 | Lair:5   | Reached skill level 12 in Shields
 13143 | Lair:5   | 13143 ||| INVOKING Heroism.
 13162 | Lair:5   | 13162 ||| DRINKING 2 potions of cancellation.
 13185 | Lair:5   | HP: 15/90 [oklob plant/splash of acid (24)]
 13186 | Lair:5   | 13186 ||| READING 4 scrolls of teleportation.
 13187 | Lair:5   | 13187 ||| DRINKING 2 potions of heal wounds.
 13194 | Lair:5   | 13194 ||| INVOKING Heroism.
 13205 | Lair:5   | HP: 22/90 [dream sheep (9)]
 13206 | Lair:5   | 13206 ||| READING 3 scrolls of teleportation.
 13207 | Lair:5   | 13207 ||| DRINKING potion of heal wounds.
 13214 | Lair:5   | 13214 ||| INVOKING Heroism.
 13234 | Lair:5   | 13234 ||| FLEEEEING.
 13235 | Lair:5   | 13235 ||| FLEEEEING.
 13236 | Lair:5   | 13236 ||| FLEEEEING.
 13237 | Lair:5   | 13237 ||| FLEEEEING.
 13238 | Lair:5   | 13238 ||| FLEEEEING.
 13239 | Lair:5   | 13239 ||| FLEEEEING.
 13240 | Lair:5   | 13240 ||| FLEEEEING.
 13241 | Lair:5   | 13241 ||| FLEEEEING.
 13242 | Lair:5   | 13242 ||| FLEEEEING.
 13243 | Lair:5   | 13243 ||| STAIRDANCE
 13373 | Lair:4   | 13373 ||| UPGRADING to +3 kite shield "Qagguz" {*Slow rPois
                  | Str+5}.
 13383 | Lair:4   | 13383 ||| DROPPING +0 kite shield.
 13400 | Lair:5   | 13400 ||| Stepping ~*~*~tactically~*~*~ (stealth).
 13432 | Lair:5   | 13432 ||| Stepping ~*~*~tactically~*~*~ (stealth).
 13448 | Lair:5   | 13448 ||| FLEEEEING.
 13563 | Lair:5   | 13563 ||| INVOKING Heroism.
 13566 | Lair:5   | 13566 ||| INVOKING Finesse.
 13660 | Lair:5   | 13660 ||| INVOKING Heroism.
 13661 | Lair:5   | 13661 ||| INVOKING Finesse.
 13689 | Lair:5   | Reached skill level 15 in Axes
 13701 | Lair:5   | 13701 ||| INVOKING Finesse.
 13935 | Lair:5   | 13935 ||| INVOKING Heroism.
 13936 | Lair:5   | 13936 ||| INVOKING Finesse.
 14018 | Lair:5   | Identified the +5 trident "Hicigg" {spect, Dex+7 Stlth+}
 14260 | Lair:5   | 14260 ||| PLANNING D:1-11
 14260 | Lair:5   | 14260 ||| UPGRADING to +0 pair of boots.
 14384 | D:10     | Entered Level 10 of the Dungeon
 14384 | D:10     | Found Yqynn's Antique Weapon Emporium.
 14480 | D:10     | 14480 ||| READING 2 scrolls of teleportation.
 14523 | D:10     | 14523 ||| INVOKING Heroism.
 14559 | D:10     | 14559 ||| Stepping ~*~*~tactically~*~*~ (stealth).
 14560 | D:10     | 14560 ||| Stepping ~*~*~tactically~*~*~ (stealth).
 14563 | D:10     | 14563 ||| Stepping ~*~*~tactically~*~*~ (stealth).
 14565 | D:10     | 14565 ||| Stepping ~*~*~tactically~*~*~ (stealth).
 14604 | D:10     | 14604 ||| Stepping ~*~*~tactically~*~*~ (hiding).
 14605 | D:10     | 14605 ||| Stepping ~*~*~tactically~*~*~ (hiding).
 14606 | D:10     | 14606 ||| Stepping ~*~*~tactically~*~*~ (stealth).
 14607 | D:10     | 14607 ||| Stepping ~*~*~tactically~*~*~ (stealth).
 14608 | D:10     | 14608 ||| Stepping ~*~*~tactically~*~*~ (stealth).
 14650 | D:10     | Found the +0 staff of Battle
 14662 | D:10     | Identified the +0 sling "Ethanen" {flame, Fly Int+4}
 14693 | D:10     | 14693 ||| READING scroll of teleportation.
 14695 | D:10     | 14695 ||| FLEEEEING.
 14696 | D:10     | 14696 ||| FLEEEEING.
 14697 | D:10     | 14697 ||| FLEEEEING.
 14813 | D:10     | 14813 ||| Stepping ~*~*~tactically~*~*~ (stealth).
 15047 | D:10     | 15047 ||| INVOKING Heroism.
 15059 | D:10     | Received a gift from Okawaru
 15064 | D:10     | Reached XP level 15. HP: 95/95 MP: 22/22
 15067 | D:10     | 15067 ||| SWAPPING to +2 antimagic broad axe.
 15267 | D:11     | 15267 ||| INVOKING Heroism.
 15268 | D:11     | 15268 ||| STAIRDANCE
 15319 | D:11     | 15319 ||| INVOKING Heroism.
 15320 | D:11     | 15320 ||| STAIRDANCE
 15364 | D:11     | 15364 ||| STAIRDANCE
 15372 | D:11     | 15372 ||| STAIRDANCE
 15390 | D:11     | 15390 ||| STAIRDANCE
 15395 | D:10     | 15395 ||| INVOKING Heroism.
 15418 | D:11     | 15418 ||| INVOKING Heroism.
 15530 | D:11     | Found a staircase to the Orcish Mines.
 15710 | D:11     | Noticed Lodul
 15710 | D:11     | Noticed Maurice
 15711 | D:11     | 15711 ||| INVOKING Heroism.
 15730 | D:11     | Killed Lodul
 15736 | D:11     | Killed Maurice
 15737 | D:11     | Reached skill level 12 in Fighting
 15784 | D:11     | 15784 ||| Stepping ~*~*~tactically~*~*~ (hiding).
 15804 | D:11     | 15804 ||| FLEEEEING.
 15805 | D:11     | 15805 ||| FLEEEEING.
 15807 | D:11     | 15807 ||| FLEEEEING.
 15808 | D:11     | 15808 ||| FLEEEEING.
 15809 | D:11     | 15809 ||| FLEEEEING.
 15810 | D:11     | 15810 ||| FLEEEEING.
 15812 | D:11     | 15812 ||| FLEEEEING.
 15813 | D:11     | 15813 ||| FLEEEEING.
 15816 | D:11     | 15816 ||| FLEEEEING.
 15817 | D:11     | 15817 ||| FLEEEEING.
 15818 | D:11     | 15818 ||| FLEEEEING.
 15819 | D:11     | 15819 ||| FLEEEEING.
 15820 | D:11     | 15820 ||| FLEEEEING.
 15821 | D:11     | 15821 ||| FLEEEEING.
 15822 | D:11     | 15822 ||| FLEEEEING.
 15823 | D:11     | 15823 ||| FLEEEEING.
 15828 | D:11     | 15828 ||| FLEEEEING.
 15829 | D:11     | 15829 ||| FLEEEEING.
 15830 | D:11     | 15830 ||| FLEEEEING.
 15831 | D:11     | 15831 ||| FLEEEEING.
 16058 | D:11     | 16058 ||| INVOKING Heroism.
 16079 | D:11     | HP: 18/96 [orc warrior/+1 glaive of protection (20)]
 16080 | D:11     | 16080 ||| DRINKING potion of heal wounds.
 16084 | D:11     | HP: 20/96 [orc warrior/+0 trident (13)]
 16089 | D:11     | HP: 11/96 [orc warrior/+1 glaive of protection (3)]
 16093 | D:11     | HP: 4/96 [orc warrior/+1 glaive of protection (9)]
 16444 | D:11     | 16444 ||| PLANNING D
 16497 | D:12     | 16497 ||| INVOKING Heroism.
 16591 | D:12     | 16591 ||| READING scroll of enchant weapon.
 16591 | D:12     | 16591 ||| ENCHANTING +2 antimagic broad axe.
 16662 | D:12     | 16662 ||| Stepping ~*~*~tactically~*~*~ (stealth).
 16663 | D:12     | 16663 ||| Stepping ~*~*~tactically~*~*~ (stealth).
 16664 | D:12     | 16664 ||| Stepping ~*~*~tactically~*~*~ (stealth).
 16958 | D:12     | 16958 ||| Stepping ~*~*~tactically~*~*~ (stealth).
 16959 | D:12     | 16959 ||| Stepping ~*~*~tactically~*~*~ (stealth).
 17498 | D:12     | Noticed Nergalle
 17505 | D:12     | Noticed Jorgrun
 17506 | D:12     | 17506 ||| INVOKING Heroism.
 17507 | D:12     | 17507 ||| INVOKING Finesse.
 17510 | D:12     | Killed Nergalle
 17525 | D:12     | Killed Jorgrun
 17525 | D:12     | Noticed Psyche
 17535 | D:12     | Killed Psyche
 17630 | D:12     | Reached skill level 16 in Axes
 17672 | D:12     | 17672 ||| Stepping ~*~*~tactically~*~*~ (stealth).
 18114 | D:13     | Noticed Snorg
 18115 | D:13     | 18115 ||| INVOKING Finesse.
 18122 | D:13     | 18122 ||| INVOKING Heroism.
 18128 | D:13     | Killed Snorg
 18226 | D:13     | 18226 ||| INVOKING Heroism.
 18227 | D:13     | Received a gift from Okawaru
 18376 | D:13     | 18376 ||| INVOKING Heroism.
 18382 | D:13     | 18382 ||| Stepping ~*~*~tactically~*~*~ (hiding).
 18499 | D:13     | 18499 ||| INVOKING Heroism.
 18584 | D:13     | 18584 ||| Stepping ~*~*~tactically~*~*~ (stealth).
 18586 | D:13     | 18586 ||| INVOKING Heroism.
 18610 | D:13     | Reached skill level 12 in Armour
 18799 | D:13     | 18799 ||| Stepping ~*~*~tactically~*~*~ (hiding).
 18801 | D:13     | 18801 ||| Stepping ~*~*~tactically~*~*~ (hiding).
 18803 | D:13     | 18803 ||| INVOKING Heroism.
 18838 | D:13     | 18838 ||| SWAPPING to +1 war axe of flaming.
 18843 | D:13     | 18843 ||| SWAPPING to +3 antimagic broad axe.
 18915 | D:13     | Found a gate to the Vaults.
 18993 | D:13     | 18993 ||| Stepping ~*~*~tactically~*~*~ (hiding).
 19548 | D:13     | 19548 ||| READING scroll of enchant armour.
 19548 | D:13     | 19548 ||| ENCHANTING +1 helmet.
 19650 | D:14     | 19650 ||| Stepping ~*~*~tactically~*~*~ (hiding).
 19651 | D:14     | 19651 ||| Stepping ~*~*~tactically~*~*~ (hiding).
 19727 | D:14     | 19727 ||| Stepping ~*~*~tactically~*~*~ (stealth).
 19797 | D:14     | 19797 ||| Stepping ~*~*~tactically~*~*~ (hiding).
 20006 | D:14     | 20006 ||| INVOKING Heroism.
 20086 | D:14     | Found a glowing silver altar of Zin.
 20165 | D:14     | 20165 ||| INVOKING Finesse.
 20391 | D:14     | 20391 ||| INVOKING Heroism.
 20392 | D:14     | 20392 ||| INVOKING Finesse.
 20393 | D:14     | 20393 ||| INVOKING Finesse.
 20394 | D:14     | 20394 ||| SWAPPING to +1 war axe of flaming.
 20405 | D:14     | 20405 ||| SWAPPING to +3 antimagic broad axe.
 20475 | D:14     | 20475 ||| INVOKING Heroism.
 20476 | D:14     | 20476 ||| INVOKING Finesse.
 20479 | D:14     | 20479 ||| SWAPPING to +1 war axe of flaming.
 20481 | D:14     | 20481 ||| SWAPPING to +3 antimagic broad axe.
 20604 | D:15     | Entered Level 15 of the Dungeon
 20605 | D:15     | 20605 ||| INVOKING Heroism.
 20606 | D:15     | 20606 ||| STAIRDANCE
 20626 | D:15     | 20626 ||| STAIRDANCE
 20632 | D:14     | Reached XP level 16. HP: 101/101 MP: 7/23
 20692 | D:15     | 20692 ||| Stepping ~*~*~tactically~*~*~ (hiding).
 20700 | D:15     | 20700 ||| INVOKING Heroism.
 20714 | D:15     | 20714 ||| INVOKING Finesse.
 20868 | D:15     | 20868 ||| Stepping ~*~*~tactically~*~*~ (stealth).
 20870 | D:15     | 20870 ||| Stepping ~*~*~tactically~*~*~ (stealth).
 21145 | D:15     | Reached skill level 17 in Axes
 21216 | D:15     | Found a staircase to the Depths.
 21281 | D:15     | 21281 ||| Stepping ~*~*~tactically~*~*~ (hiding).
 21285 | D:15     | 21285 ||| INVOKING Heroism.
 21292 | D:15     | Received a gift from Okawaru
 21293 | D:15     | 21293 ||| Stepping ~*~*~tactically~*~*~ (hiding).
 21710 | D:15     | 21710 ||| PLANNING ORC
 21710 | D:15     | 21710 ||| DROPPING amulet of magic regeneration.
 21711 | D:15     | 21711 ||| DROPPING +6 ring of intelligence.
 21712 | D:15     | 21712 ||| READING 13 scrolls of identify.
 21712 | D:15     | 21712 ||| IDENTIFYING bubbling dark potion
 21843 | Orc:1    | Entered Level 1 of the Orcish Mines
 21848 | Orc:1    | 21848 ||| Stepping ~*~*~tactically~*~*~ (stealth).
 21853 | Orc:1    | 21853 ||| Stepping ~*~*~tactically~*~*~ (hiding).
 21855 | Orc:1    | 21855 ||| INVOKING Heroism.
 22206 | Orc:2    | Entered Level 2 of the Orcish Mines
 22207 | Orc:2    | 22207 ||| INVOKING Heroism.
 22208 | Orc:2    | 22208 ||| STAIRDANCE
 22265 | Orc:2    | 22265 ||| Stepping ~*~*~tactically~*~*~ (stealth).
 22305 | Orc:2    | 22305 ||| Stepping ~*~*~tactically~*~*~ (hiding).
 22306 | Orc:2    | 22306 ||| Stepping ~*~*~tactically~*~*~ (hiding).
 22312 | Orc:2    | 22312 ||| Stepping ~*~*~tactically~*~*~ (stealth).
 22315 | Orc:2    | 22315 ||| Stepping ~*~*~tactically~*~*~ (stealth).
 22369 | Orc:2    | 22369 ||| Stepping ~*~*~tactically~*~*~ (stealth).
 22370 | Orc:2    | 22370 ||| INVOKING Heroism.
 22481 | Orc:2    | 22481 ||| Stepping ~*~*~tactically~*~*~ (stealth).
 22482 | Orc:2    | 22482 ||| Stepping ~*~*~tactically~*~*~ (stealth).
 22484 | Orc:2    | 22484 ||| Stepping ~*~*~tactically~*~*~ (stealth).
 22486 | Orc:2    | 22486 ||| Stepping ~*~*~tactically~*~*~ (stealth).
 22542 | Orc:2    | 22542 ||| INVOKING Heroism.
 22546 | Orc:2    | 22546 ||| Stepping ~*~*~tactically~*~*~ (stealth).
 22548 | Orc:2    | 22548 ||| Stepping ~*~*~tactically~*~*~ (stealth).
 22564 | Orc:2    | 22564 ||| Stepping ~*~*~tactically~*~*~ (stealth).
 22571 | Orc:2    | Received a gift from Okawaru
 22575 | Orc:2    | 22575 ||| Stepping ~*~*~tactically~*~*~ (stealth).
 22747 | Orc:2    | 22747 ||| INVOKING Heroism.
 22798 | Orc:2    | Identified the ring of Foubugg {Wiz Int+3}
 22844 | Orc:2    | 22844 ||| Stepping ~*~*~tactically~*~*~ (hiding).
 22845 | Orc:2    | 22845 ||| Stepping ~*~*~tactically~*~*~ (hiding).
 22871 | Orc:2    | Found a staircase to the Elven Halls.
 22991 | Orc:2    | 22991 ||| Stepping ~*~*~tactically~*~*~ (hiding).
 22994 | Orc:2    | 22994 ||| Stepping ~*~*~tactically~*~*~ (hiding).
 22995 | Orc:2    | 22995 ||| Stepping ~*~*~tactically~*~*~ (hiding).
 22999 | Orc:2    | 22999 ||| INVOKING Heroism.
 23037 | Orc:2    | Noticed Saint Roka
 23038 | Orc:2    | 23038 ||| INVOKING Finesse.
 23041 | Orc:2    | HP: 13/104 [Saint Roka/divine providence (14)]
 23053 | Orc:2    | HP: 4/104 [Saint Roka/+1 vampiric war axe (11)]
 23054 | Orc:2    | 23054 ||| INVOKING Heroism.
 23054 | Orc:2    | Killed from afar by Saint Roka

Levels and vault maps discovered:
D:1:      minmay_arrival_split_and_join, layout_basic, serial_shops, shop,
          hellmonk_ecumenical_altar_inner_sanctum
D:2:      layout_basic, minmay_fractal_squares_gapless_5, uniq_robin,
          uniq_terence
D:3:      layout_rooms
D:4:      layout_loops_ring
D:5:      black_bear_nest_1, layout_basic, temple_doors_ab,
          cheibrodos_sewer_entry_bend
D:6:      layout_rooms, serial_shops, nicolae_take_the_stairs
D:7:      layout_loops_cross
D:8:      nicolae_BIG_FREAKIN_CUBE, layout_rooms, lemuel_coloured_pillars_altar
D:9:      layout_small_grid, david_lair_generic, serial_undead, serial_undead_a,
          serial_undead_b, serial_undead_f, serial_undead_a
D:10:     layout_long_grid, nicolae_stop_n_shop_1, nicolae_twisting_strands,
          hellmonk_guarded_unrand_staff_of_battle
D:11:     layout_roguey [special_room_orc], erik_orc_2, uniq_maurice, uniq_lodul
D:12:     layout_stronghold, uniq_psyche, uniq_nergalle, uniq_jorgrun
D:13:     layout_layer_cave, david_vaults_4, roderic_batcave, uniq_snorg
D:14:     layout_long_grid, zin_scriptorium
D:15:     hangedman_depths_entry_civil_slaughter, layout_cave_pods
Temple:   grunt_wide_crystal_templ
Lair:1:   layout_hall_layers, nicolae_quartered_pool_impasse,
          grunt_forest_large_clearings
Lair:2:   layout_cave_pods, hellmonk_spider_entry_not_the_bees
Lair:3:   layout_chaotic_city, elwin_shoals_entry_stream,
          grunt_forest_stairs_clearing, infiniplex_staircase_pool_2,
          grunt_megastairs_3, uniq_kirke
Lair:4:   layout_loops_ring, fungi_pond_lemuel, minmay_stone_trees_small,
          kilobyte_rumbling_trees
Lair:5:   gammafunk_lair_ancient_temple, layout_misc_corridors,
          minmay_slime_entry_oklob_open, nicolae_lair_lindhole, uniq_josephine,
          uniq_urug
Orc:1:    layout_caves, mines1_david
Orc:2:    pubby_orc_utopia

Skill      XL: |  1  2  3  4  5  6  7  8  9 10 11 12 13 14 15 16 |
---------------+-------------------------------------------------+-----
Axes           | 2 3 4 5 6 7 8 9 10 11 12 13 15 16 17 | 17.0
Fighting       | 4 5 7 8 9 10 11 12 13 | 13.0
Throwing       | 1 3 4 5 |  5.0
Armour         | 4 5 6 7 8 9 10 11 12 | 12.2
Dodging        | 1 2 3 4 |  4.1
Invocations    | 2 4 6 9 10 | 10.1
Shields        | 4 5 6 10 11 12 13 | 13.0

Action                   |  1- 3 |  4- 6 |  7- 9 | 10-12 | 13-15 | 16-18 || total
-------------------------+-------+-------+-------+-------+-------+-------++-------
Melee: War axe           |    86 |   184 |   290 |   426 |   807 |       ||  1793
       Broad axe         |       |       |       |       |   467 |   267 ||   734
Throw: Javelin           |       |    12 |       |    10 |    98 |    27 ||   147
       Boomerang         |       |     8 |    62 |    57 |    66 |    26 ||   219
Invok: Heroism           |       |       |     5 |    17 |    49 |     9 ||    80
       Finesse           |       |       |       |     3 |    19 |     2 ||    24
  Use: Scroll            |     4 |    10 |     8 |    10 |    11 |     1 ||    44
       Potion            |       |       |     2 |     1 |     9 |       ||    12
 Stab: Petrified         |       |       |       |       |     4 |       ||     4
Armor: Scale mail        |    56 |    88 |       |       |       |       ||   144
       Plate armour      |       |    20 |   191 |   342 |   495 |    62 ||  1110
Dodge: Dodged            |    45 |    97 |    59 |   150 |   262 |    52 ||   665
Block: Buckler           |    16 |    30 |    50 |    79 |       |       ||   175
       Kite shield       |       |       |       |   114 |  1019 |   210 ||  1343
       Reflection        |       |       |       |       |    33 |    20 ||    53

Table legend:
 A = Non-vault XP
 B = Vault XP
 C = Vault XP percentage of total XP
 D = Non-vault monster count
 E = Vault monster count
 F = Vault count percentage of total count
                 A         B        C        D         E       F
            +---------+---------+-------+---------+---------+-------
      Total |  104698 |   44773 |  30.0 |     469 |     292 |  38.4
            +---------+---------+-------+---------+---------+-------
        D:1 |      43 |       0 |   0.0 |      26 |       0 |   0.0
        D:2 |      58 |      78 |  57.4 |      22 |      16 |  42.1
        D:3 |      27 |       0 |   0.0 |       9 |       0 |   0.0
        D:4 |     341 |       0 |   0.0 |      26 |       0 |   0.0
        D:5 |     745 |     141 |  15.9 |      22 |       4 |  15.4
        D:6 |    1089 |       0 |   0.0 |      17 |       0 |   0.0
        D:7 |     946 |       0 |   0.0 |      13 |       0 |   0.0
        D:8 |     812 |     321 |  28.3 |      15 |       2 |  11.8
        D:9 |    3130 |    2279 |  42.1 |      22 |      14 |  38.9
       D:10 |    4471 |     884 |  16.5 |      25 |       7 |  21.9
       D:11 |    2962 |    4360 |  59.5 |       8 |      50 |  86.2
       D:12 |    6712 |    3024 |  31.1 |      18 |       3 |  14.3
       D:13 |   10709 |    2941 |  21.5 |      23 |      14 |  37.8
       D:14 |   10354 |       0 |   0.0 |      27 |       0 |   0.0
       D:15 |    9336 |    4264 |  31.4 |      20 |       6 |  23.1
     Lair:1 |    3673 |    2328 |  38.8 |      16 |      20 |  55.6
     Lair:2 |    7608 |     573 |   7.0 |      15 |       5 |  25.0
     Lair:3 |   11556 |    4739 |  29.1 |      39 |      14 |  26.4
     Lair:4 |    9725 |    2382 |  19.7 |      32 |       9 |  22.0
     Lair:5 |   19407 |   10195 |  34.4 |      57 |      28 |  32.9
      Orc:1 |     994 |      12 |   1.2 |      17 |       4 |  19.0
      Orc:2 |       0 |    5741 | 100.0 |       0 |      72 | 100.0
      Sewer |       0 |     511 | 100.0 |       0 |      24 | 100.0
            +---------+---------+-------+---------+---------+-------
